AoeStats
← joosephy

Fortress

508411449Analyzed
4v4 RM · 10d ago on Sep 22, 2026· 40m 25s· 8 players
Game mode
Random Map
Map size
Huge
Population
200
Speed
Normal
Resources
Standard
Victory
Conquest
Starting age
Dark Age
Ending age
Imperial Age
RankedLock teamsTeams togetherTeam positionsShared explorationLock speedFull tech treeHidden civsTurbo modeCheats
Victory
Defeat
🇭🇰 Britons · Hong Kong SAR China
1788
+7
🇹🇼 Byzantines · Taiwan
1557
+15
🇹🇼 Bulgarians · Taiwan
1475
+19
🇹🇼 Turks · Taiwan
1473
+18
🇩🇪 Huns · Germany
1686
-21
🇹🇼 Burgundians · Taiwan
1580
-16
🇨🇳 Khmer · China
1468
-12
🇨🇳 Poles · China
1436
-10
ALmotema
7:58 Feudal Age
11:30 Castle Age
9:18 Horse Collar
9:48 Double-Bit Axe
12:21 Heavy Plow
12:35 Bow Saw
16:34 Loom
19:31 Wheelbarrow
19:04 Gold Mining
21:42 Hand Cart
21:42 Husbandry
21:50 Scale Barding Armor
22:13 Forging
23:06 Chain Barding Armor
25:04 Gold Shaft Mining
29:42 Imperial Age
27:56 Iron Casting
29:06 Stone Mining
29:23 Scale Mail Armor
29:58 Husbandry
29:44 Heavy Camel Rider
31:01 Plate Barding Armor
31:56 Crop Rotation
32:28 Two-Man Saw
31:34 Fletching
33:15 Bodkin Arrow
33:20 Padded Archer Armor
33:51 Conscription
34:08 Bracer
34:11 Scale Mail Armor
34:26 Logistica
34:48 Elite Cataphract
36:11 Chain Mail Armor
38:46 Hoardings
40:19 Plate Mail Armor
39:50 Bracer
40:05 Leather Archer Armor
39:55 Caravan
39:30 Pikeman
40:10 Squires
快樂987
9:29 Feudal Age
10:26 Double-Bit Axe
10:35 Horse Collar
13:15 Castle Age
11:18 Gold Mining
16:26 Imperial Age
14:32 Bow Saw
18:55 Loom
23:46 Padded Archer Armor
30:21 Wheelbarrow
31:13 Heavy Plow
31:00 Town Watch
34:58 Fortified Wall
36:34 Stone Mining
37:14 Masonry
36:51 Treadmill Crane
37:23 Fletching
37:49 Leather Archer Armor
37:57 Conscription
38:08 Bodkin Arrow
38:37 Bombard Tower
38:36 Bloodlines
39:45 Bracer
40:48 Parthian Tactics
40:29 Thumb Ring
40:53 Artillery
40:54 Murder Holes
41:30 Architecture
Random Civ Pocket
7:36 Feudal Age
8:32 Double-Bit Axe
8:28 Horse Collar
11:39 Castle Age
12:43 Bow Saw
12:33 Heavy Plow
18:47 Wheelbarrow
19:30 Loom
19:37 Gold Mining
21:18 Pikeman
22:23 Scale Mail Armor
25:50 Imperial Age
24:00 Town Watch
24:31 Hand Cart
24:28 Forging
25:51 Chain Mail Armor
26:13 Iron Casting
25:39 Squires
25:35 Crossbowman
26:42 Ballistics
25:56 Halberdier
27:27 Plate Mail Armor
27:19 Conscription
28:27 Blast Furnace
28:21 Warwolf
30:01 Two-Man Saw
29:23 Arbalester
29:56 Fletching
30:06 Padded Archer Armor
31:08 Chemistry
30:37 Bodkin Arrow
30:57 Leather Archer Armor
31:22 Bracer
33:23 Ring Archer Armor
33:30 Gold Shaft Mining
34:03 Yeomen
36:41 Coinage
36:12 Caravan
38:26 Murder Holes
38:39 Siege Engineers
39:05 Banking
绿油精点眼睛
7:08 Feudal Age
11:00 Castle Age
9:14 Double-Bit Axe
9:42 Horse Collar
12:33 Bow Saw
17:58 Wheelbarrow
18:56 Gold Mining
19:32 Stone Mining
24:33 Imperial Age
22:46 Heavy Plow
23:06 Scale Barding Armor
23:04 Scale Mail Armor
23:14 Forging
23:02 Loom
23:32 Hand Cart
23:03 Town Watch
24:36 Gambesons
24:52 Squires
24:12 Pikeman
25:23 Chain Mail Armor
25:44 Iron Casting
25:12 Arson
25:35 Onager
27:22 Plate Mail Armor
27:53 Blast Furnace
27:58 Chemistry
26:37 Halberdier
27:55 Crop Rotation
28:16 Gold Shaft Mining
28:04 Conscription
28:51 Fletching
28:27 Siege Onager
33:05 Bodkin Arrow
34:08 Capped Ram
36:33 Siege Ram
joosephy
2:27 Double-Bit Axe
7:34 Feudal Age
11:16 Castle Age
9:29 Bow Saw
9:04 Horse Collar
14:13 Heavy Plow
15:59 Wheelbarrow
20:06 Hand Cart
19:55 Gold Mining
25:45 Imperial Age
23:26 Cavalier
24:14 Scale Barding Armor
24:19 Forging
24:53 Husbandry
25:14 Chain Barding Armor
26:06 Paladin
27:23 Iron Casting
27:47 Plate Barding Armor
29:05 Blast Furnace
27:40 Pikeman
28:21 Squires
28:18 Halberdier
29:51 Scale Mail Armor
31:25 Fletching
32:14 Town Watch
32:14 Loom
33:25 Conscription
33:15 Burgundian Vineyards
33:58 Flemish Revolution
35:01 Light Cavalry
35:51 Hussar
37:55 Chain Mail Armor
37:36 Bodkin Arrow
38:11 Capped Ram
39:53 Plate Mail Armor
MeHawK
7:29 Feudal Age
11:31 Castle Age
10:02 Double-Bit Axe
10:45 Scale Barding Armor
11:06 Bloodlines
11:54 Gold Mining
18:46 Wheelbarrow
19:20 Chain Barding Armor
21:01 Forging
22:06 Husbandry
24:43 Hand Cart
26:46 Horse Collar
27:35 Loom
31:58 Imperial Age
31:37 Bow Saw
31:19 Fletching
31:30 Padded Archer Armor
31:32 Scale Mail Armor
30:53 Pikeman
31:33 Squires
33:12 Conscription
34:00 Chemistry
32:49 Elite Skirmisher
33:35 Bodkin Arrow
34:07 Fortified Wall
33:53 Crossbowman
34:36 Bracer
34:33 Arbalester
35:53 Thumb Ring
38:58 Leather Archer Armor
NorthOrigin
7:13 Feudal Age
7:21 Feudal Age
7:49 Feudal Age
10:47 Castle Age
9:45 Double-Bit Axe
9:43 Horse Collar
14:43 Bow Saw
15:35 Loom
17:23 Wheelbarrow
18:45 Husbandry
19:01 Bloodlines
20:35 Forging
22:11 Scale Barding Armor
25:37 Town Watch
25:52 Gold Mining
28:59 Imperial Age
30:08 Conscription
29:49 Tusk Swords
30:48 Gold Shaft Mining
29:53 Elite Battle Elephant
33:26 Iron Casting
37:56 Blast Furnace
38:17 Chain Barding Armor
39:29 Capped Ram
40:58 Plate Barding Armor
Pummeluff
7:53 Feudal Age
11:39 Castle Age
9:57 Double-Bit Axe
10:06 Horse Collar
12:53 Bow Saw
12:44 Heavy Plow
13:55 Loom
16:29 Gold Mining
17:44 Wheelbarrow
17:26 Gold Mining
18:41 Hand Cart
20:45 Gold Shaft Mining
23:41 Imperial Age
21:55 Scale Barding Armor
22:56 Chain Barding Armor
22:47 Forging
22:38 Husbandry
22:48 Bloodlines
22:54 Fletching
24:02 Bodkin Arrow
24:16 Thumb Ring
25:36 Chemistry
24:50 Bracer
25:28 Parthian Tactics
25:28 Padded Archer Armor
26:01 Ballistics
26:26 Leather Archer Armor
26:50 Heavy Cavalry Archer
27:59 Stone Mining
29:32 Two-Man Saw
29:11 Plate Barding Armor
29:47 Forging
29:00 Light Cavalry
29:39 Town Watch
31:36 Iron Casting
30:23 Hussar
32:02 Conscription
32:03 Atheism
33:51 Blast Furnace
34:08 Guilds
39:26 Town Patrol
39:37 Masonry
Connection lost

Rejoining the realm…

Still unreachable

The connection could not be restored.

Session expired

The server has moved on; the page needs a fresh start.